Cogmind - Beta 14 @@@ ROGUE MODE // 2024.09.06 @ 21:18:56 Player: JohnnyDongs Result: Destroyed by as-89311 with Assembled Rifle Performance ------------- Evolutions (0) 0 Regions Visited (2) 400 Robots Destroyed (19) 95 Value Destroyed (353) 353 Prototype IDs (0) 0 Alien Tech Used (0) 0 Bonus (0) 0 TOTAL SCORE: 848 Bonus ------- None Cogmind --------- Core Integrity 0/250 Matter 205/300 Energy 97/100 System Corruption 4% Temperature Cool (0) Movement Treading (240) Ox1 Location -10/Mines Parts ------- > --- POWER (1) -------- (None) > --- PROPULSION (2) --- Light Treads > --- UTILITY (2) ------ Large Storage Unit > --- WEAPON (2) ------- Medium Laser Grenade Launcher > --- INVENTORY (15) --- Light Ion Engine Aluminum Leg Aluminum Leg High-capacity Matter Pod (96) Improved Terrain Scanner Terrain Scan Processor Medium Laser Medium Laser Beam Cannon Grenade Launcher Datajack Peak State ------------ > --- POWER ------------ Light Ion Engine > --- PROPULSION ------- Light Treads Light Treads > --- UTILITY ---------- Small Storage Unit Seismic Detector > --- WEAPON ----------- Light Assault Rifle Grenade Launcher > --- INVENTORY -------- Light Ion Engine Aluminum Leg Aluminum Leg Improved Terrain Scanner Beam Cannon Assault Rifle Light Assault Rifle Grenade Launcher [Rating: 8] Favorites ----------- Power Light Ion Engine Engine Light Ion Engine Propulsion Light Treads Treads Light Treads Utility Seismic Detector Device Seismic Detector Storage Small Storage Unit Weapon Light Assault Rifle Energy Gun Medium Laser Ballistic Gun Light Assault Rifle Launcher Grenade Launcher Build | -11 -10 -10 ------- Run | Yrd Mat Min Slots Evolved . | . . . Power . | . . . Propulsion . | . . . Utility . | . . . Weapon . | . . . Parts Attached 14 | 7 5 2 Power 1 | 1 . . Engine 1 | 1 . . Core . | . . . Reactor . | . . . Propulsion 2 | 2 . . Treads 2 | 2 . . Leg . | . . . Wheel . | . . . Hover . | . . . Flight . | . . . Utility 3 | 2 1 . Device 1 | 1 . . Storage 2 | 1 1 . Processor . | . . . Hackware . | . . . Protection . | . . . Artifact . | . . . Weapon 8 | 2 4 2 Energy Gun 1 | . . 1 Energy Cannon . | . . . Ballistic Gun 4 | 2 2 . Ballistic Cannon . | . . . Launcher 3 | . 2 1 Special Weapon . | . . . Impact Weapon . | . . . Slashing Weapon . | . . . Piercing Weapon . | . . . Special Melee Weapon . | . . . Unidentified Prototypes . | . . . Parts Lost 5 | . . 5 Power 1 | . . 1 Propulsion 1 | . . 1 Utility 1 | . . 1 Weapon 2 | . . 2 Highest Loss Streak 5 | . . 5 To Critical Strikes . | . . . Average Slot Usage (%) 99 | . 100 85 Engine 13 | . 14 9 Treads 27 | . 28 23 Device 13 | . 14 9 Storage 14 | . 14 14 Ballistic Gun 16 | . 16 9 Launcher 11 | . 11 14 Peak Build Rating 8 | 7 8 8 Average Rating 7 | 6 7 7 On Entrance 5 | . 7 8 Naked Turns . | . . . Heaviest Build 28 | 12 28 . Greatest Support 40 | 40 40 . Greatest Overweight (x) . | . . . Average Overweight (x) . | . . . Largest Inventory Capacity 15 | 8 15 15 Average Capacity 9 | 7 9 15 Most Carried 13 | 4 13 13 Average Carried 6 | 2 8 12 Final Capacity 15 | 8 15 15 Final Carried 13 | 4 13 11 Class Distribution -------------------- 100% | Mutant Dominant Class ---------------- Mutant | -10/Materials Mutant | -10/Mines Resources | -11 -10 -10 ----------- Run | Yrd Mat Min Matter Collected 549 | 286 263 . Remotely . | . . . Salvage Created 322 | 109 164 49 Parts 33 | 7 26 . Haulers Intercepted . | . . . Recyclers Shooed 1 | . 1 . Parts Field Recycled . | . . . Retrieved Matter . | . . . Parts Self-Destructed . | . . . Prevented . | . . . Kills | -11 -10 -10 ------- Run | Yrd Mat Min Combat Hostiles Destroyed 20 | . 8 12 Guns 3 | . 3 . AOE 17 | . 5 12 Classes Destroyed 7 | 2 4 1 Builder 3 | . 3 . Tunneler 3 | 3 . . Recycler 1 | 1 . . Watcher 2 | . 2 . Swarmer 6 | . 6 . Grunt 4 | . 2 2 Assembled 10 | . . 10 Best Kill Streak 12 | 2 5 12 Combat Bots Only 12 | . 3 12 Max Kills in Single Turn 3 | 1 3 3 Gunslinging . | . . . Exploded 3 | . 2 3 Melee . | . . . Uniques/NPCs Destroyed . | . . . Combat | -11 -10 -10 -------- Run | Yrd Mat Min Hostile Shots Fired 73 | . 19 54 Missed 19 | . 6 13 Damage Taken 893 | . 114 779 Core 250 | . 18 232 Absorbed by Shields . | . . . Core Remaining (%) 100 | 100 . . Volleys Fired 34 | 7 15 12 Largest 2 | 2 2 1 Hottest 50 | 40 40 50 Shots Fired 47 | 14 21 12 Gun 28 | 14 12 2 Cannon . | . . . Launcher 19 | . 9 10 Special . | . . . Kinetic 26 | 14 12 . Thermal 2 | . . 2 Explosive 19 | . 9 10 Electromagnetic . | . . . Robot Hit Streak 16 | 7 5 16 Robot Miss Streak 2 | 1 2 . Penetration Max . | . . . Secondary Targets . | . . . Shots Hit Robots 31 | 9 11 11 Core Hits 50 | 5 20 25 Critical Kills . | . . . Critical Parts Destroyed . | . . . Critical Strikes . | . . . Melee Attacks . | . . . Impact . | . . . Slashing . | . . . Piercing . | . . . Sneak Attacks . | . . . Combat Hostiles . | . . . Follow-up Attacks . | . . . Damage Inflicted 1588 | 92 574 922 Guns 183 | 90 68 25 Cannons . | . . . Explosions 1397 | . 500 897 Melee . | . . . Ramming 8 | 2 6 . Kinetic 158 | 90 68 . Thermal 48 | . 23 25 Explosive 1374 | . 477 897 Electromagnetic . | . . . Impact . | . . . Slashing . | . . . Piercing . | . . . Highest Corruption 4 | . . 4 Average Corruption 4 | . . 4 Corruption Purged . | . . . Corruption Blocked . | . . . Overload Shots . | . . . Overflow Damage 45 | . . 45 Projectiles . | . . . Explosions 45 | . . 45 Melee . | . . . Knockbacks . | . . . Impact . | . . . Kinetic . | . . . Secondary . | . . . Self-Inflicted Damage 143 | . 2 141 Shots 6 | . 1 5 Rammed 4 | 1 3 . Targets Rammed 4 | 1 3 . Kicked . | . . . Crushed . | . . . Highest Temperature 14 | . 1 14 Average Temperature 6 | . 1 8 Received Heat Transfer 36 | . 12 24 Siege Activations . | . . . Robots Corrupted . | . . . Combat Hostiles . | . . . Parts Fried . | . . . Impact Corruptions . | . . . Robots Melted . | . . . Combat Hostiles . | . . . Parts Melted . | . . . Heat Transferred 124 | . 50 74 Parts Sabotaged . | . . . Parts Stolen . | . . . Parts Stripped . | . . . Power Chain Reactions . | . . . Alert | -11 -10 -10 ------- Run | Yrd Mat Min Peak Influence 397 | 20 397 140 Initial 18 | . 13 18 Average 133 | 9 190 112 Maximum Alert Level 1 | . 1 . Low Security (%) 69 | 100 54 100 Level 1 30 | . 45 . Level 2 . | . . . Level 3 . | . . . Level 4 . | . . . Level 5 . | . . . High Security . | . . . Max Security . | . . . Squads Dispatched 1 | . 1 . Investigation 1 | . 1 . Extermination . | . . . Reinforcement . | . . . Assault . | . . . Garrison . | . . . Intercept . | . . . Searches Triggered . | . . . Construction Impeded . | . . . Haulers Reinforced . | . . . Active Scanning Responses . | . . . Cargo Convoy Interrupts . | . . . Stealth | -11 -10 -10 --------- Run | Yrd Mat Min Distress Signals 1 | . 1 . Communications Jammed . | . . . Distress Signals . | . . . Times Spotted 32 | . 13 19 Peak Tracking Total 19 | . 4 19 Tactical Retreats 1 | . . 1 Traps | -11 -10 -10 ------- Run | Yrd Mat Min Traps Triggered . | . . . Indirectly . | . . . Trap Hack Attempts . | . . . Triggered . | . . . Disarmed . | . . . Reprogrammed . | . . . Reused . | . . . Traps Extracted . | . . . Installed . | . . . Triggered . | . . . Machines | -11 -10 -10 ---------- Run | Yrd Mat Min Machines Disabled 7 | . 4 3 Max in Single Turn 3 | . 3 3 Machines Repaired . | . . . Machines Dismantled . | . . . Machines Sabotaged . | . . . Overloaded Fab Kills . | . . . Hacking | -11 -10 -10 --------- Run | Yrd Mat Min Machines Accessed 5 | . 5 . Terminals 5 | . 5 . Fabricators . | . . . Repair Stations . | . . . Recycling Units . | . . . Scanalyzers . | . . . Garrison Access . | . . . Total Hacks 16 | . 16 . Successful 7 | . 7 . Failed 9 | . 9 . Catastrophic 3 | . 3 . Database Lockouts . | . . . Manual 10 | . 10 . Terminals 16 | . 16 . Fabricators . | . . . Repair Stations . | . . . Recycling Units . | . . . Scanalyzers . | . . . Garrison Access . | . . . Terminal Hacks 7 | . 7 . Robot Analysis 4 | . 4 . Alert Level 1 | . 1 . Unreport Threat 1 | . 1 . Locate Traps 1 | . 1 . Fabricator Hacks . | . . . Repair Station Hacks . | . . . Recycling Unit Hacks . | . . . Scanalyzer . | . . . Garrison Access Hacks . | . . . Unauthorized Hacks . | . . . Terminals . | . . . Fabricators . | . . . Repair Stations . | . . . Recycling Units . | . . . Scanalyzers . | . . . Garrison Access . | . . . Data Cores Recovered . | . . . Used . | . . . Hacking Detections 5 | . 5 . Full Trace Events 2 | . 2 . Feedback Events . | . . . Feedback Blocked . | . . . Robot Schematics Acquired . | . . . Robots Built . | . . . Authchips . | . . . Time . | . . . Total Robot Build Rating . | . . . Part Schematics Acquired . | . . . Parts Built . | . . . Authchips . | . . . Time . | . . . Total Part Build Rating . | . . . Parts Repaired . | . . . Time . | . . . Parts Recycled . | . . . Recycled Matter . | . . . Retrieved Matter . | . . . Retrieved Components . | . . . Parts Scanalyzed . | . . . Part Schematics Acquired . | . . . Parts Damaged . | . . . Bothacking | -11 -10 -10 ------------ Run | Yrd Mat Min Used RIF Installer . | . . . Robots Hacked . | . . . Non-combat . | . . . Combat . | . . . Robot Hacks Applied . | . . . Relay Couplers Released . | . . . Fabnet Peak Effective % . | . . . Robots Rewired . | . . . Allies Hacked . | . . . Hacks Repelled . | . . . Allies | -11 -10 -10 -------- Run | Yrd Mat Min Total Allies . | . . . Largest Group . | . . . Highest-Rated Group . | . . . Highest-Rated Ally . | . . . Total Orders . | . . . Ally Attacks . | . . . Total Damage . | . . . Kills . | . . . Allies Corrupted . | . . . Allies Melted . | . . . Intel | -11 -10 -10 ------- Run | Yrd Mat Min Robot Analysis Total 4 | . 4 . Derelict Logs Recovered . | . . . Drone Launches . | . . . Drone Recoveries . | . . . Exploration | -11 -10 -10 ------------- Run | Yrd Mat Min Turns Passed 840 | 254 561 25 Spaces Moved 454 | 140 314 . Core 6 | 6 . . Treads 448 | 134 314 . Legs . | . . . Wheels . | . . . Hover . | . . . Flight . | . . . Fastest Speed 50 | 50 160 . Average Speed 158 | 155 160 . Slowest Speed 160 | 160 160 . Overloaded Moves . | . . . Propulsion Burnouts . | . . . Robots Hopped . | . . . Cave-ins Triggered . | . . . Exploration Rate (%) 23 | 10 51 9 Regions Visited 2 Branch Regions 1 Pre-discovered Areas . | . . . Known Exits Taken . | . . . Unknown Exits Taken 2 | 1 1 . Scrap Searched . | . . . Spaces Dug . | . . . Terrain Destroyed 92 | . 66 26 Melee . | . . . Projectile . | . . . AOE 92 | . 66 26 Terrain Rammed . | . . . Walls Destroyed . | . . . Machines Disabled . | . . . Actions | -11 -10 -10 --------- Run | Yrd Mat Min Total 525 | 160 351 14 Wait 3 | 2 1 . Move 452 | 139 313 . Hop . | . . . Pick Up 14 | 4 10 . Fast Attach 8 | 7 1 . Attach 2 | . . 2 Detach 1 | . 1 . Swap 4 | . 4 . Drop 3 | . 3 . Fire 34 | 7 15 12 Melee . | . . . Ram . | . . . Kick . | . . . Crush 4 | 1 3 . Escape Stasis . | . . . Rewire . | . . . Trap . | . . . Miscellaneous . | . . . Route ------- -11/Scrapyard -10/Materials (discovered 2 exits: [*Mat] / [*Min]) -10/Mines History --------- Turn | Location | Event 3 | -11/Scrapyard | Discovered new exit (range 16) 255 | -11/Scrapyard | Entered Materials 313 | -10/Materials | Build established: Mutant 510 | -10/Materials | Discovered new exit (range 6) 795 | -10/Materials | Discovered new exit (range 9) 816 | -10/Materials | Entered Mines 817 | -10/Mines | Assembled infested the area 831 | -10/Mines | Core integrity fell below 50% 840 | -10/Mines | Core integrity fell below 20% 841 | -10/Mines | Destroyed by as-89311 with Assembled Rifle Last Messages --------------- 00822_ G-47 Trooper destroyed. 00824_ Destroyed Asb. Hover Unit. 00824_ as-45060 destroyed. 00826_ as-36138 destroyed. 00826_ as-92435 destroyed. 00826_ as-47715 destroyed. 00828_ as-78423 destroyed. 00828_ as-61674 destroyed. 00830_ as-05294 destroyed. 00831_ Grenade Launcher destroyed. 00833_ Lgt. Assault Rifle destroyed. 00833_ System corrupted by crushing effect (+4). 00834_ The unstable cave ceiling collapses. 00835_ Lgt. Ion Engine destroyed. 00836_ Lgt. Treads destroyed. 00838_ Seismic Detector destroyed. 00838_ Destroyed Asb. Hover Unit. 00838_ as-91154 destroyed. 00838_ as-42349 destroyed. 00840_ as-57383 destroyed. Map ----- +----------------------------------------------------+ | ???????????????????????????????? | | ???????????????????????????????? | | ???????????????????????????????? | | ???????????????????????????????? | | ???????????????????????????????? | | ???????????????????????????????? | | ???????????????????????????????? | | ???????????????????????????????? | | ???????????????????????????????? | | ???????????????????????????????? | | ???????????????????????????????? | | ???????????????????????????????? | | ???????????????????????????????? | | ???????????#???????????????????? | | ?????##??? ##??????????????????? | | ????? ? ??????????????????? | | ???""" """ """ #???????????????? | | ???""" """ """ #???????????????? | | ???""" """ """ #???????????????? | | ?# ######??????????? | | ?# "" ??????????? | | ?# "" ?????????? | | ?# """ % aa?????????? | | ?# a ????????? | | ?# "" #??????????? | | ?# "" @% #??????????? | | ?# "" #???????????? | | ?# ### #???????????? | | ?# #???????????????? | | ?# #???????????????? | | ?# #???????????????? | | ?###############???????????????? | | ???????????????????????????????? | | ???????????????????????????????? | | ???????????????????????????????? | | ???????????????????????????????? | | ???????????????????????????????? | | ???????????????????????????????? | | ???????????????????????????????? | | ???????????????????????????????? | | ???????????????????????????????? | | ???????????????????????????????? | | | | | | | | | | | | | | | | | +----------------------------------------------------+ Best States ------------- Heat Dissipation 25 Energy Generation 10 Energy Capacity 125 Matter Stores 300 Matter Capacity 300 Sight Range 16 Terrain Scan Density 10 Evasion (%) 40 Recoil Reduction 2 Item Schematics ----------------- None Robot Schematics ------------------ None Fabricated ------------ Nothing Alien Tech Used ----------------- None Achievements -------------- None Challenges ------------ None Game ------ Seed DynamicSegregatorSlayer Manual? 0 Play Time 00:09:02 Cumulative 64.0 hours Start 2024.09.06 @ 21:11:01 End 2024.09.06 @ 21:18:56 Sessions 1 Manual Loads 0 Difficulty Rogue Special Mode None Game No. 41 Rogue 41 Adventurer 0 Explorer 0 Win Type - Total 0 Types 0/0/0/0/0/0/0/0/0 Lore% 22 Gallery% 46 Achievement% 39 Wizard Run 0 Options --------- Layout 1 ASCII 0 Keyboard 0 Movement Numpad Keybinds 0 Fullscreen 1 Font 24/Smallcaps Map View 50x35 Zoom Use 0% Tactical HUD 1 Map Filters NONE Filters NONE Steam 1 RUN: ce6ec64c-1462-41a0-b1f8-bb14f21cdfaf